SA
HAMMOND HERONS @ PROVO MANGO
08/30/2031
 
TOP OF THE 1ST
Hammond Herons batting - Pitching for Provo Mango : LHP Isaaka Ienimea
Pitching: LHP Isaaka Ienimea
Batting: RHB Mike Peoples 0-0: Ball
1-0: Hit by Pitch
Batting: RHB Tonito Lamoste 0-0: Ball
1-0: Called Strike
1-1: Ball
2-1: Ball
3-1: Foul Ball, location: 2F
3-2: Strikes out swinging
Mike Peoples steals 2nd base
Batter strikes out.
Batting: RHB José Álvarez 0-0: Called Strike
0-1: Called Strike
0-2: Strikes out swinging
Batting: RHB Dallas Jiménez 0-0: Swinging Strike
0-1: Foul Ball, location: 2F
0-2: Ball
1-2: Ball
2-2: Strikes out swinging
Top of the 1st over - 0 runs, 0 hits, 0 errors, 1 left on base; Hammond 0 - Provo 0
BOTTOM OF THE 1ST
Provo Mango batting - Pitching for Hammond Herons : RHP José Pacheco
Pitching: RHP José Pacheco
Batting: LHB Tom Haymon 0-0: Ball
1-0: Ball
2-0: Ball
3-0: Called Strike
3-1: Swinging Strike
3-2: Foul Ball, location: 2F
3-2: Base on Balls
Batting: LHB Matt Palmer 0-0: Ball
1-0: Called Strike
1-1: Ball
2-1: Foul Ball, location: 2F
2-2: Foul Ball, location: 2F
2-2: Ball
3-2: Base on Balls
Tom Haymon to second
Batting: RHB Quindarious Monday 0-0: Foul Ball, location: 2F
0-1: Ball
1-1: Called Strike
1-2: Ball
2-2: Foul Ball, location: 2F
2-2: Foul Ball, location: 2F
2-2: Ball
3-2: Fly out, F9 (Flyball, 9D)
Runner from 2nd tags up, SAFE at 3rd, no throw
Batting: RHB Freedon Akinmoladun 0-0: Ball
Matt Palmer is caught stealing 2nd base
1-0: Swinging Strike
1-1: Foul Ball, location: 2F
1-2: Ball
2-2: Strikes out swinging
Bottom of the 1st over - 0 runs, 0 hits, 0 errors, 1 left on base; Hammond 0 - Provo 0
TOP OF THE 2ND
Hammond Herons batting - Pitching for Provo Mango : LHP Isaaka Ienimea
Batting: RHB Rob Brooks 0-0: Fly out, F7 (Flyball, 78M)
Batting: RHB Marvin Overbeek 0-0: Ball
1-0: Foul Ball, location: 2F
1-1: Swinging Strike
1-2: Foul Ball, location: 2F
1-2: Strikes out swinging
Batting: RHB Ju-wei Huang 0-0: Foul Ball, location: 2F
0-1: Ball
1-1: Called Strike
1-2: Ball
2-2: Strikes out swinging
Top of the 2nd over - 0 runs, 0 hits, 0 errors, 0 left on base; Hammond 0 - Provo 0
BOTTOM OF THE 2ND
Provo Mango batting - Pitching for Hammond Herons : RHP José Pacheco
Batting: RHB Gerardo Vázquez 0-0: Ball
1-0: Called Strike
1-1: Ball
2-1: Called Strike
2-2: Ball
3-2: Foul Ball, location: 2F
3-2: Foul Ball, location: 2F
3-2: Ground out 5-3 (Groundball, 56)
Batting: RHB Alfonso Cabedo 0-0: Called Strike
0-1: SINGLE (Groundball, 6D)
Batting: RHB Rocky Zolman 0-0: Ball
1-0: Ball
2-0: SINGLE (Line Drive, 56D)
Alfonso Cabedo to second
Batting: RHB Sun-jae Kwak 0-0: Ball
1-0: Ball
2-0: Foul Ball, location: 2F
2-1: Foul Ball, location: 2F
2-2: SINGLE (Flyball, 8RS)
Alfonso Cabedo to third
Rocky Zolman to second
Batting: RHB Quinn Lynch 0-0: Ball
1-0: Called Strike
1-1: Ball
2-1: Foul Ball, location: 2F
2-2: Ball
3-2: Grounds into double play, 4-6-3 (Groundball, 4)
Bottom of the 2nd over - 0 runs, 3 hits, 0 errors, 2 left on base; Hammond 0 - Provo 0
TOP OF THE 3RD
Hammond Herons batting - Pitching for Provo Mango : LHP Isaaka Ienimea
Batting: RHB Russell Porter 0-0: Ball
1-0: Ground out 5-3 (Groundball, 5S)
Batting: RHB Jen-ta Men 0-0: Ball
1-0: Ball
2-0: Fly out, F7 (Flyball, 7LMF)
Batting: RHB Mike Peoples 0-0: Foul Ball, location: 2F
0-1: Ball
1-1: Foul Ball, location: 2F
1-2: Strikes out swinging
Top of the 3rd over - 0 runs, 0 hits, 0 errors, 0 left on base; Hammond 0 - Provo 0
BOTTOM OF THE 3RD
Provo Mango batting - Pitching for Hammond Herons : RHP José Pacheco
Batting: LHB Tom Haymon 0-0: SINGLE (Groundball, 4MD)
Batting: LHB Matt Palmer 0-0: Fielders Choice at 2nd, 4-6 (Groundball, 34)
Batting: RHB Quindarious Monday 0-0: Ball
1-0: Foul Ball, location: 2F
1-1: Ball
2-1: Fly out, F4 (Line Drive, 4M)
Batting: RHB Freedon Akinmoladun 0-0: Ball
1-0: Ball
2-0: Ball
Matt Palmer is caught stealing 2nd base
Bottom of the 3rd over - 0 runs, 1 hit, 0 errors, 0 left on base; Hammond 0 - Provo 0
TOP OF THE 4TH
Hammond Herons batting - Pitching for Provo Mango : LHP Isaaka Ienimea
Batting: RHB Tonito Lamoste 0-0: Called Strike
0-1: Ball
1-1: Called Strike
1-2: Foul Ball, location: 2F
1-2: Foul Ball, location: 2F
1-2: Reached on error, E9 (Flyball, 9D)
Batting: RHB José Álvarez 0-0: Called Strike
0-1: Foul Ball, location: 2F
0-2: Ball
1-2: Ball
2-2: Strikes out swinging
Batting: RHB Dallas Jiménez 0-0: Fielders Choice at 2nd, 6-4 (Groundball, 6)
Batting: RHB Rob Brooks 0-0: Ball
1-0: Ball
2-0: Ball
3-0: Called Strike
3-1: Foul Ball, location: 2F
3-2: Fly out, F7 (Flyball, 78D)
Top of the 4th over - 0 runs, 0 hits, 1 error, 1 left on base; Hammond 0 - Provo 0
BOTTOM OF THE 4TH
Provo Mango batting - Pitching for Hammond Herons : RHP José Pacheco
Batting: RHB Freedon Akinmoladun 0-0: Called Strike
0-1: Foul Ball, location: 2F
0-2: Ball
1-2: Ground out 5-3 (Groundball, 5)
Batting: RHB Gerardo Vázquez 0-0: Ball
1-0: Ball
2-0: Ground out 6-3 (Groundball, 6MD)
Batting: RHB Alfonso Cabedo 0-0: Called Strike
0-1: Called Strike
0-2: Foul Ball, location: 2F
0-2: Ball
1-2: Fly out, F9 (Line Drive, 9)
Bottom of the 4th over - 0 runs, 0 hits, 0 errors, 0 left on base; Hammond 0 - Provo 0
TOP OF THE 5TH
Hammond Herons batting - Pitching for Provo Mango : LHP Isaaka Ienimea
Batting: RHB Marvin Overbeek 0-0: Ball
1-0: Ball
2-0: Called Strike
2-1: Ground out 6-3 (Groundball, 6)
Batting: RHB Ju-wei Huang 0-0: Ground out 5-3 (Groundball, 56S)
Batting: RHB Russell Porter 0-0: Called Strike
0-1: Called Strike
0-2: Ball
1-2: Ball
2-2: Strikes out looking
Top of the 5th over - 0 runs, 0 hits, 0 errors, 0 left on base; Hammond 0 - Provo 0
BOTTOM OF THE 5TH
Provo Mango batting - Pitching for Hammond Herons : RHP José Pacheco
Batting: RHB Rocky Zolman 0-0: Ground out 5-3 (Groundball, 56S)
Batting: RHB Sun-jae Kwak 0-0: Foul Ball, location: 2F
0-1: Ground out 6-3 (Groundball, 6S)
Batting: RHB Quinn Lynch 0-0: Ball
1-0: Called Strike
1-1: Ball
2-1: Foul Ball, location: 2F
2-2: Strikes out swinging
Bottom of the 5th over - 0 runs, 0 hits, 0 errors, 0 left on base; Hammond 0 - Provo 0
TOP OF THE 6TH
Hammond Herons batting - Pitching for Provo Mango : LHP Isaaka Ienimea
Batting: RHB Jen-ta Men 0-0: Foul Ball, location: 2F
0-1: Swinging Strike
0-2: Foul Ball, location: 2F
0-2: Ball
1-2: Ball
2-2: Foul Ball, location: 2F
2-2: Ball
3-2: Strikes out swinging
Batting: RHB Mike Peoples 0-0: Foul Ball, location: 2F
0-1: Swinging Strike
0-2: Foul Ball, location: 2F
0-2: Ball
1-2: SINGLE (Groundball, 6MD)
Batting: RHB Tonito Lamoste 0-0: Ball
1-0: Ball
2-0: Fly out, F7 (Flyball, 78S)
Batting: RHB José Álvarez 0-0: Ball
1-0: DOUBLE (Line Drive, 9LS)
Mike Peoples to third
Runner from 3rd tries for Home, SAFE, no throw
Batting: RHB Dallas Jiménez 0-0: Intentional Walk
Batting: RHB Rob Brooks 0-0: Ball
1-0: Foul Ball, location: 2F
1-1: Called Strike
1-2: Strikes out looking
Top of the 6th over - 1 run, 2 hits, 0 errors, 2 left on base; Hammond 1 - Provo 0
BOTTOM OF THE 6TH
Provo Mango batting - Pitching for Hammond Herons : RHP José Pacheco
Batting: LHB Tom Haymon 0-0: Ball
1-0: Fly out, F9 (Flyball, 89D)
Batting: LHB Matt Palmer 0-0: Called Strike
0-1: Ball
1-1: Ball
2-1: Ball
3-1: Base on Balls
Batting: RHB Quindarious Monday 0-0: SINGLE (Groundball, 6MD)
Matt Palmer to second
Runner from 2nd tries for 3rd, OUT!
Batting: RHB Freedon Akinmoladun 0-0: Ball
1-0: SINGLE (Groundball, 2R) (infield hit)
Quindarious Monday to second
Batting: RHB Gerardo Vázquez 0-0: Called Strike
0-1: Foul Ball, location: 2F
0-2: Strikes out swinging
Bottom of the 6th over - 0 runs, 2 hits, 0 errors, 2 left on base; Hammond 1 - Provo 0
TOP OF THE 7TH
Hammond Herons batting - Pitching for Provo Mango : LHP Isaaka Ienimea
Batting: RHB Marvin Overbeek 0-0: Swinging Strike
0-1: Ball
1-1: Called Strike
1-2: Strikes out swinging
Batting: RHB Ju-wei Huang 0-0: Ball
1-0: Foul Ball, location: 2F
1-1: Ball
2-1: Ground out 4-3 (Groundball, 4)
Batting: RHB Russell Porter 0-0: Called Strike
0-1: Called Strike
0-2: Ball
1-2: Foul Ball, location: 2F
1-2: Strikes out swinging
Top of the 7th over - 0 runs, 0 hits, 0 errors, 0 left on base; Hammond 1 - Provo 0
BOTTOM OF THE 7TH
Provo Mango batting - Pitching for Hammond Herons : RHP José Pacheco
Batting: RHB Alfonso Cabedo 0-0: Called Strike
0-1: Foul Ball, location: 2F
0-2: Ball
1-2: Ball
2-2: Hit by Pitch
Pinch Hitting: LHB Ling Li 0-0: Ball
1-0: Sac Bunt - play at first, batter OUT! U3
Alfonso Cabedo to second
Batting: RHB Sun-jae Kwak 0-0: Called Strike
0-1: Fly out, F8 (Flyball, 89D)
Runner from 2nd tags up, SAFE at 3rd, no throw
Batting: RHB Quinn Lynch 0-0: Swinging Strike
0-1: Called Strike
0-2: Strikes out looking
Bottom of the 7th over - 0 runs, 0 hits, 0 errors, 1 left on base; Hammond 1 - Provo 0
TOP OF THE 8TH
Hammond Herons batting - Pitching for Provo Mango : LHP Isaaka Ienimea
Now at 2B: Ling Li
Batting: RHB Jen-ta Men 0-0: Called Strike
0-1: Swinging Strike
0-2: Strikes out swinging, 2-3 out at first.
Batting: RHB Mike Peoples 0-0: Ground out 1-3 (Groundball, 15)
Batting: RHB Tonito Lamoste 0-0: Called Strike
0-1: Ball
1-1: Ball
2-1: Foul Ball, location: 2F
2-2: Ball
3-2: Ground out 5-3 (Groundball, 56S)
Top of the 8th over - 0 runs, 0 hits, 0 errors, 0 left on base; Hammond 1 - Provo 0
BOTTOM OF THE 8TH
Provo Mango batting - Pitching for Hammond Herons : RHP José Pacheco
Pitching: RHP Keith Johnson
Batting: LHB Tom Haymon 0-0: Ball
1-0: Called Strike
1-1: Ball
2-1: Swinging Strike
2-2: Strikes out looking
Batting: LHB Matt Palmer 0-0: Foul Ball, location: 2F
0-1: Ball
1-1: Called Strike
1-2: Ball
2-2: Strikes out looking
Batting: RHB Quindarious Monday 0-0: SINGLE (Flyball, 9S)
Batting: RHB Freedon Akinmoladun 0-0: SINGLE (Line Drive, 9S)
Quindarious Monday to second
Runner from 2nd tries for 3rd, SAFE, no throw
Batting: RHB Gerardo Vázquez 0-0: Swinging Strike
0-1: Ground out U3 (Groundball, 3)
Bottom of the 8th over - 0 runs, 2 hits, 0 errors, 2 left on base; Hammond 1 - Provo 0
TOP OF THE 9TH
Hammond Herons batting - Pitching for Provo Mango : LHP Isaaka Ienimea
Batting: RHB José Álvarez 0-0: Swinging Strike
0-1: Called Strike
0-2: Ball
1-2: Ball
2-2: Strikes out swinging
Batting: RHB Dallas Jiménez 0-0: Ball
1-0: Called Strike
1-1: SINGLE (Line Drive, 8LS)
Pitching: RHP Harry Stogsdill
Batting: RHB Rob Brooks 0-0: Ball
1-0: Foul Ball, location: 2F
1-1: SINGLE (Line Drive, 8RM)
Dallas Jiménez to second
Batting: RHB Marvin Overbeek 0-0: Called Strike
0-1: Called Strike
0-2: Strikes out looking
Batting: RHB Ju-wei Huang 0-0: Swinging Strike
0-1: SINGLE (Flyball, 8LS)
Dallas Jiménez to third
Rob Brooks to second
Runner from 3rd tries for Home, SAFE, throw made home
Batting: RHB Russell Porter 0-0: Swinging Strike
0-1: Swinging Strike
0-2: Strikes out looking
Top of the 9th over - 1 run, 3 hits, 0 errors, 2 left on base; Hammond 2 - Provo 0
BOTTOM OF THE 9TH
Provo Mango batting - Pitching for Hammond Herons : RHP Keith Johnson
Pitching: RHP Curt Wright
Batting: RHB Alfonso Cabedo 0-0: Ball
1-0: Ball
2-0: Fly out, F9 (Flyball, 9LS)
Batting: LHB Ling Li 0-0: Ball
1-0: Ball
2-0: SINGLE (Groundball, 56D)
Batting: RHB Sun-jae Kwak 0-0: Ball
1-0: Foul Ball, location: 2F
1-1: DOUBLE (Groundball, 5L)
Ling Li to third
Batting: RHB Quinn Lynch 0-0: Ball
1-0: Ball
2-0: Called Strike
2-1: Ball
3-1: Fly out, F9 (Flyball, 9)
Runner from 3rd tags up, SCORES, no throw
Batting: LHB Tom Haymon 0-0: Ball
1-0: Ball
2-0: Ground out 4-3 (Groundball, 4)
Bottom of the 9th over - 1 run, 2 hits, 0 errors, 1 left on base; Hammond 2 - Provo 1
Tuesday, June 12th, 2018 - OOTP Baseball 18.8 Build 76